 Dungeon Crawl Stone Soup version 0.19.5 (webtiles) character file.

36 miragecloak the Poker (level 3, 1/29 HPs)
             Began as a Formicid Abyssal Knight on Apr 19, 2017.
             Was a Follower of Lugonu.
             Quit the game on level 2 of the Dungeon.
             The game lasted 00:01:24 (1268 turns).

miragecloak the Poker (Formicid Abyssal Knight)     Turns: 1268, Time: 00:01:25

Health: 1/29       AC:  4    Str: 16    XL:     3   Next: 57%
Magic:  4/4        EV: 11    Int: 11    God:    Lugonu [*.....]
Gold:   46         SH:  0    Dex: 11    Spells: 0 memorised, 2 levels left

rFire  . . .     SeeInvis +     a - +1 spear
rCold  . . .     Gourm    .     b - +0 leather armour
rNeg   . . .     Faith    .     (no shield)
rPois  .         Spirit   .     (helmet unavailable)
rElec  .         Reflect  .     d - +0 cloak
rCorr  .         Harm     .     (no gloves)
MR     .....                    (no boots)
Stlth  +.........               (no amulet)
                                (no ring)
                                (no ring)

@: drained
A: permanent stasis, dig shafts and tunnels, four strong arms, antennae 3
a: Dig, Shaft Self, Depart the Abyss, Renounce Religion


You were on level 2 of the Dungeon.
You worshipped Lugonu.
Lugonu was aware of your devotion.
You were very hungry.

You visited 1 branch of the dungeon, and saw 2 of its levels.
You visited the Abyss 1 time.

You collected 46 gold pieces.

Inventory:

Hand Weapons
 a - a +1 spear (weapon)
Armour
 b - a +0 leather armour (worn)
 d - a +0 cloak (worn)
Scrolls
 e - a scroll of magic mapping {unknown}
 f - a scroll of teleportation {unknown}
 j - a scroll of blinking {unknown}
 k - a scroll of identify {unknown}
Potions
 g - 2 potions of curing {unknown}
 h - 2 potions of might {unknown}
Comestibles
 c - a bread ration
 i - a meat ration


   Skills:
 - Level 3.2(2.9) Fighting
 + Level 3.7(3.3) Polearms
 - Level 2.1(1.8) Armour
 - Level 0.8(0.5) Dodging
 - Level 2.1(1.8) Invocations


You had 2 spell levels left.
You didn't know any spells.

Dungeon Overview and Level Annotations

Branches:
Dungeon (2/15)

Altars:
Cheibriados

Annotations:
D:2 Robin


Innate Abilities, Weirdness & Mutations

You are under a permanent stasis effect.
You can dig through walls and to a lower floor.
Your four strong arms can wield two-handed weapons with a shield.
You have a pair of large antennae on your head. (SInv)


Message History

* * * LOW HITPOINT WARNING * * *
The goblin hits you with a dagger.
* * * LOW HITPOINT WARNING * * *
The dart slug bites you but does no damage.
You hit the goblin.
The goblin is heavily wounded.
The goblin misses you.
The hobgoblin hits you but does no damage.
The goblin hits you but does no damage. The goblin barely misses you.
You hit the goblin but do no damage.
The goblin is heavily wounded.
The dart slug bites you.
* * * LOW HITPOINT WARNING * * *
The goblin barely misses you. The goblin hits you but does no damage.
The goblin hits you with a dagger.
* * * LOW HITPOINT WARNING * * *
The hobgoblin barely misses you. Robin completely misses you.
Unknown command.
Unknown command.
Are you sure you want to abandon this character and quit the game? (Confirm with "yes".)

#.......####..##
#####.##.# #.##
#.. ....... ..#
#.##....####### #
.....#....
.##.###.#.)#..###
......g.#..#..#
......gg#..#..#
..g.ggg@g.....#
.##.##w##..#.##.#.
#...............
########.######
##### #......#
#...## #.#.##.##
#..... #.#.....#
#...## # ####..#
##.## #.####..#
##.##


You could see Robin, a dart slug, a hobgoblin and 6 goblins.

Vanquished Creatures
  A worm (D:2)
  A dart slug (D:1)
  2 leopard geckos
  2 bats (D:1)
  A giant cockroach (D:1)
  7 goblins
  3 hobgoblins (D:1)
  2 kobolds (D:1)
  3 frilled lizards (D:1)
  6 rats
28 creatures vanquished.

Notes
Turn   | Place    | Note
-------+----------+-------------------------------------------
     0 | Abyss:1  | miragecloak the Formicid Abyssal Knight began the quest for the Orb.
     0 | Abyss:1  | Reached XP level 1. HP: 18/18 MP: 2/2
    43 | D:1      | Escaped the Abyss
   247 | D:1      | Found a snail-covered altar of Cheibriados.
   255 | D:1      | Reached * piety under Lugonu
   255 | D:1      | Reached XP level 2. HP: 20/24 MP: 3/3
   664 | D:1      | Reached XP level 3. HP: 28/29 MP: 4/4
  1253 | D:2      | Noticed Robin
  1267 | D:2      | HP: 1/29 [goblin/dagger[Robin] (2)]
  1268 | D:2      | Quit the game

Skill      XL: |  1  2 |
---------------+-------+-----
Polearms       | 3 |  3.7
Fighting       | |  3.2
Armour         | |  2.1
Dodging        | |  0.8
Invocations    | |  2.1

Action                   || total
-------------------------++-------
Melee: Spear             ||   116
Invok: Depart the Abyss  ||     1
Armor: Leather armour    ||    38
Dodge: Dodged            ||    47
